BSA
NEW ORLEANS LOOTERS @ KALAMAZOO ROYALE WITH CHEESE
04/15/2029
 
TOP OF THE 1ST
New Orleans Looters batting - Pitching for Kalamazoo Royale with Cheese : RHP Oscar Wheeler
Pitching: RHP Oscar Wheeler
Batting: SHB Arturo Sánchez 0-0: Foul Ball, location: 2F
0-1: Swinging Strike
0-2: Foul Ball, location: 2F
0-2: Strikes out looking
Batting: RHB Dave O'Loan 0-0: Fly out, F7 (Flyball, 78M)
Batting: LHB Tony Abete 0-0: Ball
1-0: Ball
2-0: Ground out 6-3 (Groundball, 6)
Top of the 1st over - 0 runs, 0 hits, 0 errors, 0 left on base; New Orleans 0 - Kalamazoo 0
BOTTOM OF THE 1ST
Kalamazoo Royale with Cheese batting - Pitching for New Orleans Looters : RHP Edward Baker
Pitching: RHP Edward Baker
Batting: LHB Javier Espinoza 0-0: Fly out, F9 (Flyball, 9D)
Batting: LHB Vincente Sáenz 0-0: Ball
1-0: SINGLE (Flyball, 78S)
Batting: RHB Zander Tremblett 0-0: Ball
1-0: Foul Ball, location: 2F
1-1: Swinging Strike
1-2: Strikes out swinging
Batting: SHB Bob Noble 0-0: Called Strike
0-1: Fly out, F9 (Flyball, 9LSF)
Bottom of the 1st over - 0 runs, 1 hit, 0 errors, 1 left on base; New Orleans 0 - Kalamazoo 0
TOP OF THE 2ND
New Orleans Looters batting - Pitching for Kalamazoo Royale with Cheese : RHP Oscar Wheeler
Batting: LHB Taylor Smith 0-0: Called Strike
0-1: Called Strike
0-2: Ball
1-2: Ball
2-2: Strikes out swinging
Batting: SHB Oliver Deleón 0-0: Fly out, F7 (Line Drive, 7)
Batting: LHB Miguel Colón 0-0: Called Strike
0-1: Ball
1-1: Called Strike
1-2: Foul Ball, location: 2F
1-2: Foul Ball, location: 2F
1-2: Ball
2-2: Foul Ball, location: 2F
2-2: Ball
3-2: SINGLE (Groundball, 5) (infield hit)
Batting: RHB Rubén Vázquez 0-0: Called Strike
0-1: Called Strike
0-2: Strikes out swinging
Top of the 2nd over - 0 runs, 1 hit, 0 errors, 1 left on base; New Orleans 0 - Kalamazoo 0
BOTTOM OF THE 2ND
Kalamazoo Royale with Cheese batting - Pitching for New Orleans Looters : RHP Edward Baker
Batting: LHB Roberto Sandoval 0-0: Swinging Strike
0-1: Ball
1-1: Foul Ball, location: 2F
1-2: Foul Ball, location: 2F
1-2: Ball
2-2: Fly out, F9 (Flyball, 9LD)
Batting: LHB Keith Tillman 0-0: Ball
1-0: Called Strike
1-1: Swinging Strike
1-2: Ball
2-2: Strikes out swinging
Batting: LHB Bill McJannett 0-0: Ball
1-0: Ball
2-0: Foul Ball, location: 2F
2-1: Called Strike
2-2: Strikes out swinging
Bottom of the 2nd over - 0 runs, 0 hits, 0 errors, 0 left on base; New Orleans 0 - Kalamazoo 0
TOP OF THE 3RD
New Orleans Looters batting - Pitching for Kalamazoo Royale with Cheese : RHP Oscar Wheeler
Batting: RHB Run-ming Zhu 0-0: Called Strike
0-1: Ball
1-1: Ball
2-1: SINGLE (Groundball, 56D)
Batting: RHB Santo Cruz 0-0: TRIPLE (Flyball, 9LD)
Run-ming Zhu scores
Batting: SHB Arturo Sánchez 0-0: Ball
1-0: Ball
2-0: Called Strike
2-1: Ball
3-1: Swinging Strike
3-2: Base on Balls
Batting: RHB Dave O'Loan 0-0: Ball
1-0: Ball
2-0: Grounds into double play, 1-6-3 (Groundball, 13)
Batting: LHB Tony Abete 0-0: Called Strike
0-1: Ball
1-1: SINGLE (Groundball, 4M) (infield hit)
Santo Cruz scores
Batting: LHB Taylor Smith 0-0: Ball
1-0: Fly out, F9 (Flyball, 9D)
Top of the 3rd over - 2 runs, 3 hits, 0 errors, 1 left on base; New Orleans 2 - Kalamazoo 0
BOTTOM OF THE 3RD
Kalamazoo Royale with Cheese batting - Pitching for New Orleans Looters : RHP Edward Baker
Batting: RHB Jimmy Simon 0-0: Called Strike
0-1: Swinging Strike
0-2: Ball
1-2: Strikes out looking
Batting: RHB José Velásquez 0-0: Foul Ball, location: 2F
0-1: Ball
1-1: Swinging Strike
1-2: Strikes out swinging
Batting: LHB Javier Espinoza 0-0: Called Strike
0-1: Called Strike
0-2: Ball
1-2: Ground out U3 (Groundball, 3)
Bottom of the 3rd over - 0 runs, 0 hits, 0 errors, 0 left on base; New Orleans 2 - Kalamazoo 0
TOP OF THE 4TH
New Orleans Looters batting - Pitching for Kalamazoo Royale with Cheese : RHP Oscar Wheeler
Batting: SHB Oliver Deleón 0-0: Swinging Strike
0-1: DOUBLE (Flyball, 78XD)
Batting: LHB Miguel Colón 0-0: Ball
1-0: Foul Ball, location: 2F
1-1: Swinging Strike
1-2: Strikes out looking
Batting: RHB Rubén Vázquez 0-0: Foul Ball, location: 2F
0-1: Ball
1-1: Swinging Strike
1-2: Ball
2-2: SINGLE (Line Drive, 3)
Oliver Deleón to third
Batting: RHB Run-ming Zhu 0-0: Ball
1-0: Fly out, F7 (Flyball, 7LM)
Batting: RHB Santo Cruz 0-0: Ball
Rubén Vázquez steals 2nd base
1-0: Called Strike
1-1: Foul Ball, location: 2F
1-2: Fly out, F9 (Flyball, 89D)
Top of the 4th over - 0 runs, 2 hits, 0 errors, 2 left on base; New Orleans 2 - Kalamazoo 0
BOTTOM OF THE 4TH
Kalamazoo Royale with Cheese batting - Pitching for New Orleans Looters : RHP Edward Baker
Batting: LHB Vincente Sáenz 0-0: Ball
1-0: Called Strike
1-1: Foul Ball, location: 2F
1-2: Ball
2-2: Ball
3-2: Fly out, F7 (Flyball, 78D)
Batting: RHB Zander Tremblett 0-0: DOUBLE (Line Drive, 8LD)
Batting: SHB Bob Noble 0-0: Swinging Strike
0-1: Foul Ball, location: 2F
0-2: Ball
1-2: Ball
Wild Pitch!
Zander Tremblett to third
2-2: Ball
3-2: Ground out U3 (Groundball, 3S)
Batting: LHB Roberto Sandoval 0-0: Called Strike
0-1: Fly out, F4 (Line Drive, 34)
Bottom of the 4th over - 0 runs, 1 hit, 0 errors, 1 left on base; New Orleans 2 - Kalamazoo 0
TOP OF THE 5TH
New Orleans Looters batting - Pitching for Kalamazoo Royale with Cheese : RHP Oscar Wheeler
Batting: SHB Arturo Sánchez 0-0: Ground out 3-1 (Groundball, 34)
Batting: RHB Dave O'Loan 0-0: Ball
1-0: Reached on error, E5 (Groundball, 56)
Batting: LHB Tony Abete 0-0: Ball
1-0: Ball
2-0: Called Strike
2-1: Called Strike
2-2: Strikes out swinging
Batting: LHB Taylor Smith 0-0: Foul Ball, location: 2F
0-1: Ball
1-1: Called Strike
1-2: Strikes out looking
Top of the 5th over - 0 runs, 0 hits, 1 error, 1 left on base; New Orleans 2 - Kalamazoo 0
BOTTOM OF THE 5TH
Kalamazoo Royale with Cheese batting - Pitching for New Orleans Looters : RHP Edward Baker
Now at 2B: Tim Gardner
Batting: LHB Keith Tillman 0-0: Ball
1-0: Called Strike
1-1: Ball
2-1: Foul Ball, location: 2F
2-2: Strikes out swinging
Batting: LHB Bill McJannett 0-0: Ball
1-0: Called Strike
1-1: Swinging Strike
1-2: Ball
2-2: Strikes out swinging
Batting: RHB Jimmy Simon 0-0: Swinging Strike
0-1: Swinging Strike
0-2: Ball
1-2: Fly out, F9 (Flyball, 9LS)
Bottom of the 5th over - 0 runs, 0 hits, 0 errors, 0 left on base; New Orleans 2 - Kalamazoo 0
TOP OF THE 6TH
New Orleans Looters batting - Pitching for Kalamazoo Royale with Cheese : RHP Oscar Wheeler
Batting: SHB Oliver Deleón 0-0: Ball
1-0: Fly out, F4 (Popup, 4MD)
Batting: LHB Miguel Colón 0-0: Ball
1-0: Ball
2-0: Ground out 6-3 (Groundball, 6)
Batting: RHB Rubén Vázquez 0-0: Ball
1-0: Ball
2-0: Fly out, F9 (Flyball, 89S)
Top of the 6th over - 0 runs, 0 hits, 0 errors, 0 left on base; New Orleans 2 - Kalamazoo 0
BOTTOM OF THE 6TH
Kalamazoo Royale with Cheese batting - Pitching for New Orleans Looters : RHP Edward Baker
Batting: RHB José Velásquez 0-0: Called Strike
0-1: Called Strike
0-2: Ball
1-2: Foul Ball, location: 2F
1-2: SINGLE (Groundball, 6MD)
Batting: LHB Javier Espinoza 0-0: Ball
1-0: Called Strike
1-1: Ball
2-1: Swinging Strike
2-2: Ball
3-2: SINGLE (Line Drive, 56D)
José Velásquez to second
Batting: LHB Vincente Sáenz 0-0: Called Strike
0-1: Ball
Passed Ball!
José Velásquez to third
Javier Espinoza to second
1-1: Fly out, F8 (Line Drive, 8LD)
Runner from 3rd tags up, SCORES, no throw
Batting: RHB Zander Tremblett 0-0: Foul Ball, location: 2F
0-1: Swinging Strike
0-2: Fly out, F9 (Flyball, 9D)
Runner from 2nd tags up, SAFE at 3rd, no throw
Batting: SHB Bob Noble 0-0: SINGLE (Line Drive, 9LM)
Javier Espinoza scores
Batting: LHB Roberto Sandoval 0-0: Called Strike
0-1: Ball
Bob Noble steals 2nd base
1-1: Ground out 4-3 (Groundball, 4)
Bottom of the 6th over - 2 runs, 3 hits, 0 errors, 1 left on base; New Orleans 2 - Kalamazoo 2
TOP OF THE 7TH
New Orleans Looters batting - Pitching for Kalamazoo Royale with Cheese : RHP Oscar Wheeler
Batting: RHB Run-ming Zhu 0-0: Hit by Pitch
Batting: RHB Tim Gardner 0-0: Bunt missed!
0-1: Ball
1-1: Sac Bunt - play at first, batter OUT! 3-4
Run-ming Zhu to second
Batting: SHB Arturo Sánchez 0-0: Called Strike
0-1: SINGLE (Line Drive, 4MD)
Run-ming Zhu to third
Runner from 3rd tries for Home, throw and OUT!
Batting: RHB Dave O'Loan 0-0: Called Strike
Arturo Sánchez steals 2nd base
0-1: Foul Ball, location: 2F
0-2: Ball
1-2: Ground out 6-3 (Groundball, 6)
Top of the 7th over - 0 runs, 1 hit, 0 errors, 1 left on base; New Orleans 2 - Kalamazoo 2
BOTTOM OF THE 7TH
Kalamazoo Royale with Cheese batting - Pitching for New Orleans Looters : RHP Edward Baker
Batting: LHB Keith Tillman 0-0: Foul Ball, location: 2F
0-1: Ball
1-1: Ball
2-1: Ball
3-1: Fly out, F8 (Line Drive, 78M)
Batting: LHB Bill McJannett 0-0: Ball
1-0: Foul Ball, location: 2F
1-1: Called Strike
1-2: Ball
2-2: Foul Ball, location: 2F
2-2: Ball
3-2: Foul Ball, location: 2F
3-2: Foul Ball, location: 2F
3-2: Fly out, F8 (Flyball, 8RXD)
Batting: RHB Jimmy Simon 0-0: Called Strike
0-1: Ball
1-1: Foul Ball, location: 2F
1-2: Ball
2-2: Foul Ball, location: 2F
2-2: Fly out, F3 (Popup, 3S)
Bottom of the 7th over - 0 runs, 0 hits, 0 errors, 0 left on base; New Orleans 2 - Kalamazoo 2
TOP OF THE 8TH
New Orleans Looters batting - Pitching for Kalamazoo Royale with Cheese : RHP Oscar Wheeler
Pitching: LHP Carlos Thomas
Pinch Hitting: RHB Salvador Salas 0-0: Swinging Strike
0-1: Ball
1-1: Foul Ball, location: 2F
1-2: Ball
2-2: Foul Ball, location: 2F
2-2: Fly out, F8 (Flyball, 8LS)
Batting: LHB Taylor Smith 0-0: Called Strike
0-1: Ball
1-1: Ball
2-1: Fly out, F7 (Flyball, 7LS)
Pitching: RHP Armen Boyajian
Batting: SHB Oliver Deleón 0-0: Swinging Strike
0-1: Swinging Strike
0-2: Ball
1-2: Ball
2-2: Ground out 6-3 (Groundball, 6)
Top of the 8th over - 0 runs, 0 hits, 0 errors, 0 left on base; New Orleans 2 - Kalamazoo 2
BOTTOM OF THE 8TH
Kalamazoo Royale with Cheese batting - Pitching for New Orleans Looters : RHP Edward Baker
Pitching: RHP Juan Flores
Now in LF: Eduardo Rodríguez
Batting: RHB José Velásquez 0-0: SINGLE (Groundball, 34D)
Pitching: LHP Tadao Yoshida
Batting: LHB Javier Espinoza 0-0: Ball
1-0: Ball
2-0: Ball
3-0: Base on Balls
José Velásquez to second
Batting: LHB Vincente Sáenz 0-0: Called Strike
0-1: Ground out 5-3 (Groundball, 56)
José Velásquez to third
Javier Espinoza to second
Batting: RHB Zander Tremblett 0-0: Intentional Walk
Pinch Hitting: RHB Tae-kwon Kwon 0-0: Ball
1-0: SINGLE (Groundball, 34D)
José Velásquez scores
Javier Espinoza to third
Zander Tremblett to second
Batting: LHB Roberto Sandoval 0-0: Grounds into fielders choice 6-2 (Groundball, 6)
Zander Tremblett to third
Tae-kwon Kwon to second
Batting: LHB Keith Tillman 0-0: Ball
1-0: Ball
2-0: Foul Ball, location: 2F
2-1: Ground out 4-3 (Groundball, 4)
Bottom of the 8th over - 1 run, 2 hits, 0 errors, 3 left on base; New Orleans 2 - Kalamazoo 3
TOP OF THE 9TH
New Orleans Looters batting - Pitching for Kalamazoo Royale with Cheese : RHP Armen Boyajian
Pitching: LHP Jason Simpson
Now at 1B: Yoshihide Takahashi
Batting: LHB Miguel Colón 0-0: Called Strike
0-1: Called Strike
0-2: Ball
1-2: Ball
2-2: Strikes out swinging
Batting: RHB Rubén Vázquez 0-0: Foul Ball, location: 2F
0-1: Foul Ball, location: 2F
0-2: Ball
1-2: Ball
2-2: Ball
3-2: Base on Balls
Batting: RHB Run-ming Zhu 0-0: Hit by Pitch
Rubén Vázquez to second
Batting: RHB Tim Gardner 0-0: Ball
1-0: Ball
2-0: Called Strike
2-1: Swinging Strike
2-2: Foul Ball, location: 2F
2-2: Ball
3-2: Base on Balls
Rubén Vázquez to third
Run-ming Zhu to second
Batting: SHB Arturo Sánchez 0-0: Ball
1-0: Called Strike
1-1: Swinging Strike
1-2: Grounds into fielders choice 4-2 (Groundball, 34)
Run-ming Zhu to third
Tim Gardner to second
Batting: RHB Dave O'Loan 0-0: Called Strike
0-1: Swinging Strike
0-2: Strikes out looking
Top of the 9th over - 0 runs, 0 hits, 0 errors, 3 left on base; New Orleans 2 - Kalamazoo 3
Saturday, December 16th, 2017 - OOTP Baseball 18.8 Build 76